Map: Submarine LE

Players

Serral - Winner!

  • Race: Zerg Zerg
  • League: Master
  • Spawn Location: 11:00

demuLarva

  • Race: Terran Terran
  • League: Grandmaster
  • Spawn Location: 5:00

VOD

https://youtu.be/OfLGw_p8WjA

Description

Time

  • Played on: July 6, 2020, 10:33 a.m.
  • Length: 10:14
Show
View Real Time Build Order
Export as new Build Order

Serral Zerg - Winner!

Build Orders: Pool First 

Get SALT Encoding   

  12  0:00  Drone  
  13  0:13  Overlord  
  13  0:17  Drone  
  14  0:31  Drone x2  
  14  0:34  Drone  
  17  0:44  Spawning Pool  
  17  0:49  Drone  
  17  1:07  Hatchery  
  17  1:10  Drone  
  17  1:13  Extractor  
  17  1:16  Drone  
  17  1:31  Roach Warren, Zergling x2  
  17  1:32  Zergling x2  
  18  1:42  Queen  
  20  1:51  Overlord  
  20  1:55  Drone  
  21  2:11  Roach x2  
  25  2:22  Roach  
  27  2:23  Roach  
  28  2:31  Drone  
  28  2:35  Drone  
  29  2:42  Ravager  
  30  2:44  Drone  
  30  2:48  Drone  
  30  2:49  Queen  
  34  2:53  Drone x2  
  34  2:58  Overlord  
  36  3:18  Hatchery  
  35  3:20  Drone  
  35  3:24  Drone x2  
  38  3:28  Drone  
  38  3:32  Ravager  
  38  3:34  Overlord  
  40  3:36  Drone  
  41  3:47  Overlord  
  41  3:48  Drone x2, Ravager  
  44  3:58  Overlord  
  44  4:01  Drone x3  
  47  4:05  Overlord  
  47  4:09  Overlord  
  47  4:11  Drone x2  
  49  4:18  Drone x2  
  49  4:19  Drone  
  49  4:23  Metabolic Boost  
  52  4:27  Queen  
  52  4:29  Drone  
  55  4:33  Queen  
  55  4:36  Drone  
  58  4:39  Drone x2  
  58  4:43  Spore Crawler  
  58  4:44  Spore Crawler  
  58  4:48  Zergling x4  
  58  4:52  Zergling x4  
  62  4:53  Drone  
  62  4:55  Drone  
  61  5:02  Drone x4  
  65  5:08  Queen  
  65  5:11  Overlord  
  67  5:16  Zergling x4  
  67  5:17  Overlord  
  67  5:18  Drone x2  
  71  5:22  Ravager  
  71  5:23  Lair  
  71  5:25  Drone x2  
  74  5:31  Drone x2, Overlord  
  74  5:32  Drone  
  74  5:34  Extractor x2  
  75  5:36  Drone x2  
  75  5:38  Spore Crawler  
  75  5:40  Drone x2  
  75  5:41  Drone  
  79  5:44  Drone x2  
  81  5:50  Overlord  
  81  5:51  Drone x3  
  81  5:52  Drone  
  84  6:00  Zergling x8  
  86  6:04  Queen x2  
  89  6:13  Zergling x12  
  93  6:19  Evolution Chamber  
  93  6:20  Overlord  
  93  6:22  Overlord  
  93  6:23  Overseer  
  92  6:26  Queen  
  92  6:27  Glial Reconstitution  
  92  6:30  Roach x3  
  100  6:36  Extractor  
  100  6:37  Drone  
  100  6:39  Evolution Chamber, Drone x6  
  105  6:45  Drone  
  105  6:46  Overlord  
  106  6:47  Zerg Missile Weapons Level 1  
  106  6:53  Overlord  
  106  6:54  Drone x3  
  108  7:04  Roach x2, Zergling x2  
  108  7:05  Zergling x6  
  112  7:11  Ravager x2  
  112  7:13  Overlord  
  112  7:16  Overlord, Roach  
  112  7:17  Extractor, Roach x2  
  112  7:18  Extractor  
  115  7:26  Roach x3  
  115  7:27  Roach x2  
  120  7:36  Overseer  
  112  7:38  Queen x3  
  109  7:52  Roach, Zergling x2  
  109  7:53  Roach, Zergling x20  
  119  8:00  Spire  
  118  8:09  Drone  
  118  8:12  Overseer  
  119  8:14  Queen  
  119  8:15  Pneumatized Carapace  
  119  8:17  Zerg Ground Armor Level 1  
  119  8:18  Overlord  
  121  8:21  Hatchery  
  121  8:24  Drone x7  
  127  8:29  Drone  
  128  8:35  Drone  
  128  8:38  Overseer, Drone  
  128  8:40  Drone  
  131  8:41  Drone  
  131  8:46  Extractor  
  131  8:49  Spore Crawler  
  131  8:51  Extractor  
  129  8:56  Drone x3  
  129  8:57  Overlord x2  
  129  8:58  Zergling x2  
  129  8:59  Zergling x8  
  137  9:07  Drone  
  138  9:13  Mutalisk  
  138  9:14  Mutalisk x2  
  144  9:20  Mutalisk x5  
  154  9:27  Hatchery  
  154  9:29  Mutalisk x2  
  157  9:41  Mutalisk x2, Hatchery  
  162  9:49  Baneling Nest  
  162  9:50  Drone x5  
  162  9:51  Drone x2  
  162  9:52  Spine Crawler  
Show
View Real Time Build Order
Export as new Build Order

demuLarva Terran 

Build Orders: Reaper Expand 

Get SALT Encoding   

  12  0:00  SCV  
  13  0:12  SCV  
  14  0:17  Supply Depot  
  14  0:24  SCV  
  15  0:38  SCV  
  15  0:39  Barracks  
  16  0:43  Refinery  
  16  0:50  SCV  
  17  1:02  SCV  
  18  1:14  SCV  
  19  1:26  Orbital Command, Reaper  
  20  1:39  Command Center  
  20  1:46  Supply Depot  
  20  1:52  SCV  
  21  1:58  Marine  
  22  2:04  SCV  
  23  2:10  Refinery, Factory  
  23  2:21  Barracks Reactor  
  23  2:31  SCV  
  22  2:37  Bunker  
  22  2:38  Marine  
  22  2:42  Bunker  
  22  2:44  SCV  
  24  2:53  Factory Tech Lab  
  24  2:56  SCV, Marine  
  26  2:59  Starport  
  26  3:12  Orbital Command  
  26  3:14  Marine  
  27  3:20  Cyclone  
  27  3:24  SCV  
  31  3:36  SCV, Starport Tech Lab  
  31  3:41  SCV, Supply Depot  
  33  3:45  Barracks Reactor  
  33  3:48  SCV, Orbital Command  
  34  3:52  Supply Depot  
  34  4:05  Banshee, Cyclone  
  34  4:08  SCV  
  41  4:11  Cloaking Field, Supply Depot  
  41  4:20  SCV  
  41  4:21  SCV  
  43  4:27  Marine  
  43  4:28  Marine  
  45  4:34  Supply Depot  
  45  4:37  Siege Tank  
  48  4:40  SCV  
  48  4:42  SCV  
  48  4:45  Marine  
  51  4:46  Marine  
  51  4:50  Supply Depot  
  52  4:54  SCV x2  
  54  5:01  Banshee  
  54  5:02  Marine  
  54  5:03  Marine  
  54  5:06  SCV  
  60  5:13  SCV  
  61  5:16  Siege Tank  
  61  5:18  SCV  
  61  5:20  Marine  
  61  5:21  Marine, Supply Depot  
  66  5:25  SCV  
  68  5:30  SCV  
  69  5:36  Command Center  
  69  5:38  Marine  
  70  5:42  Supply Depot  
  70  5:46  Banshee  
  74  5:50  SCV, Marine  
  74  5:56  Marine  
  73  6:04  Siege Tank  
  73  6:05  SCV  
  73  6:08  Marine  
  73  6:11  SCV  
  77  6:14  Marine  
  77  6:17  SCV  
  77  6:23  SCV  
  78  6:26  Marine  
  78  6:28  Banshee  
  78  6:29  SCV  
  78  6:31  Marine  
  84  6:33  Supply Depot  
  84  6:35  SCV  
  84  6:38  Refinery  
  84  6:39  Refinery  
  85  6:42  SCV  
  86  6:47  SCV  
  86  6:54  SCV, Orbital Command  
  89  6:59  SCV  
  85  7:06  SCV  
  76  7:10  Marine x2  
  76  7:11  SCV  
  76  7:16  Siege Tank  
  76  7:18  SCV  
  78  7:23  SCV  
  78  7:27  Marine  
  78  7:29  SCV  
  74  7:30  SCV  
  74  7:35  SCV  
  64  7:39  Banshee  
  64  7:41  SCV  
  64  7:42  SCV  
  66  7:47  SCV  
  58  7:53  SCV  
  58  7:56  SCV  
  54  8:00  SCV  
  54  8:01  Factory  
  54  8:02  Factory  
  54  8:05  SCV  
  54  8:08  SCV  
  54  8:12  SCV  
  59  8:17  SCV  
  57  8:20  SCV  
  57  8:21  Marine x2  
  57  8:24  SCV  
  64  8:29  SCV, Cyclone  
  64  8:33  SCV  
  66  8:36  SCV  
  66  8:39  Marine x2  
  69  8:41  SCV  
  69  8:43  Armory  
  69  8:44  Armory  
  69  8:45  SCV  
  69  8:48  SCV  
  72  8:51  Factory Tech Lab  
  73  8:57  SCV, Orbital Command  
  73  9:00  SCV  
  73  9:01  Siege Tank  
  77  9:09  SCV  
  78  9:12  SCV  
  79  9:17  Refinery  
  79  9:18  Command Center  
  79  9:20  Siege Tank, Hellion x2  
  79  9:21  SCV, Refinery  
  79  9:22  SCV  
  88  9:24  SCV  
  89  9:33  SCV  
  89  9:34  SCV  
  89  9:36  SCV  
  92  9:45  SCV  
  93  9:46  SCV, Supply Depot  
  93  9:48  SCV  
  93  9:49  Hellion x2  
  93  9:50  Supply Depot x2  
  102  9:57  SCV  
  102  9:58  SCV  
  107  10:01  SCV  
  111  10:08  Factory  
Tags
 
Add a new tag
Caveats
  • Supply blocks, unpowered buildings, or Contaminate may cause inaccurate times.
  • Supply counts are checked every 10 seconds.